 Dungeon Crawl Stone Soup version 0.31-a0-1176-gb7303255ee (webtiles) character file.

Game seed: 6747359604050695669

595 Amplified the Trooper (level 7, 0/61 HPs)
             Began as a Minotaur Shapeshifter on Dec 11, 2023.
             Slain by an orc warrior
             ... wielding a +0 glaive
              (16 damage)
             ... on level 5 of the Dungeon.
             The game lasted 00:04:27 (3363 turns).

Amplified the Trooper (Minotaur Shapeshifter)       Turns: 3363, Time: 00:04:28

Health: 0/61       AC:  7    Str: 20    XL:     7   Next: 17%
Magic:  6/6        EV: 13    Int:  7    God:
Gold:   277        SH:  5    Dex: 16    Spells: 6/6 levels left

rFire   . . .        h - +2 spear (venom)
rCold   + . .        (no shield)
rNeg    . . .        n - +2 steam dragon scales
rPois   .            (helmet restricted)
rElec   .            p - scarf {+Inv}
rCorr   .            (no gloves)
SInv    .            (no boots)
Will    .....        o - amulet of reflection
Stlth   +            i - ring of protection from cold
HPRegen 0.30/turn    u - +6 ring of dexterity
MPRegen 0.10/turn

%: reflection
@: no status effects
A: horns 2, retaliatory headbutt
a: Evoke Invisibility


You were on level 5 of the Dungeon.
You visited 1 branch of the dungeon, and saw 6 of its levels.

You collected 277 gold pieces.

Inventory:

Hand Weapons
 h - a +2 spear of venom (weapon)
 v - a +3 demon trident of venom
Armour
 a - a +0 animal skin
 n - +2 steam dragon scales (worn)
 p - a scarf of invisibility (worn)
Jewellery
 i - a ring of protection from cold (left hand)
 k - a ring of ice
 o - an amulet of reflection (around neck)
 q - an amulet of faith
 u - a +6 ring of dexterity (right hand)
Talismans
 c - a beast talisman
 d - a flux talisman
Scrolls
 b - a scroll of identify
 j - a scroll of amnesia
 l - a scroll of noise
 s - 2 scrolls of revelation
Potions
 e - 2 potions of haste {unknown}
 f - a potion of berserk rage {unknown}
 g - 2 potions of attraction
 m - a potion of magic {unknown}
 r - 3 potions of curing {unknown}
 t - a potion of might {unknown}
 w - a potion of lignification


   Skills:
 * Level 5.5 Fighting
 - Level 0.2 Maces & Flails
 * Level 4.9 Polearms
 + Level 3.4 Armour
 - Level 4.0 Dodging
 - Level 3.2 Unarmed Combat
 - Level 2.4 Shapeshifting


You had 6 spell levels left.
You didn't know any spells.
Your spell library contained the following spells:

 Spells                   Type           Power      Damage    Failure   Level
 Foxfire                  Conj/Fire      0%         2x1d4     43%         1
 Freeze                   Ice            0%         1d3       43%         1
 Sublimation of Blood     Necr           0%         N/A       56%         2
 Wereblood                Tmut           0%         N/A       56%         2
 Frozen Ramparts          Ice            0%         1d1       80%         3
 Hailstorm                Conj/Ice       0%         3d5       80%         3
 Plasma Beam              Fire/Air       0%         2x1d10    100%        6
 Starburst                Conj/Fire      0%         6d3       100%        6
 Summon Hydra             Summ           0%         N/A       100%        7


Dungeon Overview and Level Annotations

Branches:
Dungeon (6/15)
 Temple: D:4-7

Altars:
Nemelex Xobeh


Innate Abilities, Weirdness & Mutations

You have a pair of horns on your head.
You reflexively headbutt those who attack you in melee.


Message History

You reach to attack!
You barely miss the orc warrior. The orc warrior closely misses you.
You reach to attack!
You closely miss the orc warrior. The orc warrior completely misses you.
The orc priest begins to cast a cantrip, but forgets the words!
You reach to attack!
You closely miss the orc warrior.
You reach to attack!
You barely miss the orc warrior.
The orc shouts!
The orc warrior hits you from afar with a +0 glaive!
The orc priest calls down the wrath of Beogh upon you.
Beogh smites you!
You are too injured to fight recklessly!
Unknown command.
Okay, then.
You see here a +0 leather armour.
This is a scroll of acquirement!
Something appears at your feet! The orc warrior closely misses you.
v - a +3 demon trident of venom The orc wizard casts a spell.
The orc wizard flickers and vanishes!
Deactivating autopickup; reactivate with Ctrl-A.
The orc warrior hits you from afar with a +0 glaive!
* * * LOW HITPOINT WARNING * * *
Unknown command.
Unknown command.
Okay, then.
Okay, then.
The orc warrior attacks as it pursues you!
The orc warrior completely misses you.
Okay, then.
Okay, then.
Okay, then.
Okay, then.
Okay, then.
Okay, then.
The orc warrior attacks as it pursues you!
The orc warrior misses you.
The orc warrior attacks as it pursues you!
The orc warrior hits you from afar with a +0 glaive!
You die...

############.
#.r.r)o..o...
#.######..... ####r#
... ..# #.r..# . #.#
#.##.# #. #.# #o##.#
##.###.# #.#..#
.....#.##
###@...###+##.
........#
#............. #.#.#..#
#.#.##.######
#....>.### #.#.##)#
##.......# #.#.##.#
.##.....#.# #.#....#
........#.####.#....###
.............†........+
......###.####.#....###


You could see an orc warrior and a quokka.

Vanquished Creatures
  Sigmund (D:4)
  An ogre (D:5)
  A scorpion (D:5)
  A hound (D:4)
  2 orc priests (D:3)
  An iguana (D:4)
  An orc wizard (D:3)
  4 gnolls (D:5)
  3 adders
  2 dart slugs (D:1)
  3 orcs
  7 endoplasms
  5 giant cockroaches
  5 hobgoblins
  3 jackals (D:4)
  3 quokkas
  9 ball pythons
  11 bats
  4 frilled lizards
  8 goblins
  6 kobolds
  6 rats
87 creatures vanquished.

Notes
Turn   | Place    | Note
-------+----------+-------------------------------------------
     0 | D:1      | Amplified the Minotaur Shapeshifter began the quest for the
                  | Orb.
     0 | D:1      | Reached XP level 1. HP: 16/16 MP: 0/0
   121 | D:1      | Reached skill level 1 in Armour
   124 | D:1      | Reached XP level 2. HP: 23/24 MP: 1/1
   166 | D:1      | Reached skill level 2 in Fighting
   443 | D:1      | Reached XP level 3. HP: 27/30 MP: 2/2
   537 | D:1      | Reached skill level 1 in Polearms
  1162 | D:2      | Found a faded altar of an unknown god.
  1902 | D:3      | Reached skill level 3 in Fighting
  1919 | D:3      | Reached XP level 4. HP: 38/38 MP: 3/3
  1982 | D:3      | Reached XP level 5. HP: 11/46 MP: 4/4
  2381 | D:3      | Found a sparkling altar of Nemelex Xobeh.
  2826 | D:4      | Noticed Sigmund
  2854 | D:4      | Killed Sigmund
  2855 | D:4      | Reached skill level 4 in Fighting
  2855 | D:4      | Reached XP level 6. HP: 45/53 MP: 5/5
  3132 | D:4      | You fall into a shaft and drop 2 floors!
  3191 | D:5      | Entered Level 5 of the Dungeon
  3217 | D:5      | Reached skill level 5 in Fighting
  3232 | D:5      | Reached XP level 7. HP: 36/61 MP: 6/6
  3352 | D:5      | Identified a scroll of acquirement
  3352 | D:5      | Acquired a +3 demon trident of venom
  3363 | D:5      | Slain by an orc warrior

Illustrated notes

Levels and vault maps discovered:
D:1:      enne_arrival_octagon_isle, layout_basic, minmay_liquid_box,
          minmay_box_of_dots
D:2:      layout_loops_corners, nicolae_ecumenical_oubliette,
          reono_crystal_passage
D:3:      minmay_chambers_of_twos, layout_basic,
          nemelex_xobeh_ov_fountains_minmay, grunt_ministairs_6,
          hangedman_decor_points
D:4:      layout_basic, elyvilon_altar_3, uniq_robin, uniq_sigmund
D:5:      layout_loops_corners, minmay_temple_entry_butterflies,
          grunt_decor_mini_mirrors, nrook_mini_vaults
D:6:      layout_basic, nicolae_shop_sticking_my_neck_out

Skill      XL: |  1  2  3  4  5  6 |
---------------+-------------------+-----
Armour         | 1 2 3 |  3.4
Fighting       | 2 3 4 5 |  5.5
Polearms       | 2 3 4 |  4.9
Dodging        | 3 4 |  4.0
Maces & Flails | |  0.2
Unarmed Combat | |  3.2
Shapeshifting  | |  2.4

Action                     |  1- 3 |  4- 6 |  7- 9 || total
---------------------------+-------+-------+-------++-------
  Melee: Mace              |     9 |       |       ||     9
         Whip              |    12 |       |       ||    12
         Headbutt          |     7 |    10 |     1 ||    18
         Spear             |    68 |    89 |    22 ||   179
         Punch             |     1 |       |       ||     1
Ability: Begin Untransform |     1 |       |       ||     1
    Use: Scroll            |     3 |     6 |     1 ||    10
         Potion            |       |     4 |       ||     4
   Stab: Sleeping          |     2 |     1 |       ||     3
 Armour: Animal skin       |    24 |       |       ||    24
         Steam dragon scal |     4 |    16 |     7 ||    27
         Skin              |       |    12 |       ||    12
  Dodge: Dodged            |    49 |    36 |    13 ||    98
  Block: Other             |     1 |     8 |     4 ||    13
         Reflection        |       |     1 |       ||     1

Table legend: (Time is in decaauts)
 A = Elapsed time spent in this place.
 B = Non-inter-level travel time spent in this place.
 C = Inter-level travel time spent in this place.
 D = Time resting spent in this place.
 E = Time spent auto-exploring this place.
 F = Levels seen in this place.
 G = Mean time per level.
                   A        B        C        D        E       F      G
               +--------+--------+--------+--------+--------+-----+--------+
         Total |   3359 |   3252 |    107 |    129 |   2492 |   6 |  559.8 |
       Dungeon |   3359 |   3252 |    107 |    129 |   2492 |   6 |  559.8 |
               +--------+--------+--------+--------+--------+-----+--------+

Top non-repeatable levels by time:
     D:1: 978 daAuts
     D:3: 920 daAuts
     D:2: 811 daAuts
     D:4: 422 daAuts
     D:5: 164 daAuts
     D:6: 62 daAuts
